 Dungeon Crawl Stone Soup version 0.30-b1-2-g02819fbbbe (webtiles) character file.

Game seed: 2775828932299705672

334 sanka the Firebug (level 6, 0/28 HPs)
             Began as a Vine Stalker Fire Elementalist on May 8, 2023.
             Was a Believer of Zin.
             Slain by Duvessa
             ... wielding a +0 short sword
              (8 damage)
             ... on level 4 of the Dungeon.
             The game lasted 00:05:36 (3476 turns).

sanka the Firebug (Vine Stalker Fire Elementalist)  Turns: 3476, Time: 00:05:37

Health: 0/28       AC:  2    Str: 11    XL:     6   Next: 53%
Magic:  0/11       EV: 12    Int: 17    God:    Zin [**....]
Gold:   72         SH:  0    Dex: 14    Spells: 4/11 levels left

rFire   . . .        i - +0 war axe
rCold   . . .        (no shield)
rNeg    . . .        a - +0 robe
rPois   .            (no helmet)
rElec   .            (no cloak)
rCorr   +            (no gloves)
SInv    .            (no boots)
Will    .....        (no amulet)
Stlth   ++           k - ring of resist corrosion
HPRegen 1.04/turn    (no ring)
MPRegen 0.12/turn

%: guardian spirit
@: no status effects
A: fangs 2, regeneration 1, magic shield, antimagic bite, no potion heal 2
a: Renounce Religion, Recite, Vitalisation, Donate Gold


You were on level 4 of the Dungeon.
You worshipped Zin.
Zin was pleased with you.
You visited 1 branch of the dungeon, and saw 4 of its levels.

You collected 80 gold pieces.
You donated 8 gold pieces to Zin.

Inventory:

Hand Weapons
 i - a +0 war axe (weapon)
Armour
 a - a +0 robe (worn)
 r - the +0 chain mail "Juohaniu" {Str+4 Dex+3}
   (You found it on level 3 of the Dungeon)

   Str:       It affects your strength (+4).
   Dex:       It affects your dexterity (+3).
Jewellery
 d - a ring of protection from fire
 h - a ring of ice
 k - a ring of resist corrosion (left hand)
Scrolls
 f - 2 scrolls of fear {unknown}
 g - a scroll of poison {unknown}
 j - 2 scrolls of butterflies {unknown}
 n - a scroll of identify {unknown}
 o - a scroll of amnesia {unknown}
Potions
 b - a potion of magic
 c - a potion of heal wounds {unknown}
 e - a potion of flight {unknown}
 l - 2 potions of curing {unknown}
 m - 2 potions of brilliance {unknown}
 p - a potion of lignification {unknown}
 q - a potion of mutation {unknown}


   Skills:
 - Level 1.5 Dodging
 - Level 2.4 Stealth
 - Level 3.0 Spellcasting
 + Level 4.6 Conjurations
 - Level 5.0 Fire Magic


You had 4 spell levels left.
You knew the following spells:

 Your Spells              Type           Power      Damage    Failure   Level
a - Foxfire               Conj/Fire      72%        2x1d7     2%          1
b - Scorch                Fire           38%        2d7       3%          2
c - Flame Wave            Conj/Fire      18%        2d7       24%         4

Your spell library contained the following spells:

 Spells                   Type           Power      Damage    Failure   Level
 Inner Flame              Hex/Fire       11%        N/A       19%         3
 Volatile Blastmotes      Fire/Tloc      22%        2d11      19%         3


Dungeon Overview and Level Annotations

Branches:
Dungeon (4/15)
 Temple: D:4-7

Altars:
Zin

Annotations:
D:4 Dowan, Duvessa


Innate Abilities, Weirdness & Mutations

You have extremely sharp teeth.
Your natural rate of healing is unusually fast.
When hurt, damage is shared between your health and your magic reserves.
Your bite disrupts and absorbs the magic of your enemies.
Potions cannot restore your health.


Message History

Dowan, Brother of Duvessa comes into view.
He is wielding a +0 dagger.
Dowan shouts!
Casting: Scorch (safe; 3% risk of failure)
Confirm with . or Enter, or press ? or * to list all spells.
The spell is extremely dangerous to miscast (24% risk of failure)!
Continue anyway?
Casting: Flame Wave (extremely dangerous; 24% risk of failure)
Press: ? - help, Dir - look around, f - activate A wave of flame ripples out!
The flame wave engulfs Duvessa!
Duvessa is moderately wounded. (Press . to intensify the flame waves.) Duvessa hits you with a +0 short sword!
A wave of flame ripples out!
The flame wave engulfs Duvessa.
Duvessa is heavily wounded.
The flame wave engulfs Dowan.
Dowan is lightly wounded.
You hear a shout!
Dowan gestures wildly while chanting.
Dowan blinks!
A goblin comes into view. It is wielding a +0 dagger.
Duvessa hits you with a +0 short sword.
Unknown command.
A wave of flame ripples out!
The flame wave engulfs Duvessa.
Duvessa is heavily wounded.
You finish channelling waves of flame.
Duvessa barely misses you. Duvessa attacks as you move away!
Duvessa hits you with a +0 short sword.
Dowan says, "Stay away from my face!"
Duvessa gestures with her weapon.
Flames lash Duvessa.
Duvessa is severely wounded.
Duvessa's fire resistance burns away.
Duvessa hits you with a +0 short sword. Duvessa attacks as you move away!
Duvessa closely misses you.
Duvessa is no longer more vulnerable to fire.
Duvessa attacks as you move away! Duvessa hits you with a +0 short sword!
Duvessa attacks as you move away! Duvessa hits you with a +0 short sword.
Duvessa attacks as you move away! Duvessa hits you with a +0 short sword!
* * * LOW HITPOINT WARNING * * *
Duvessa attacks as you move away! Duvessa closely misses you.
There is a stone staircase leading up here.
Duvessa hits you with a +0 short sword!
You die...

#.##.......#
#..g.......# ###+###
####....[..###.....###
#......)##.........
#).####.##.<....#
#.......##......#
###...g...##......#..
.........e..e)..<.....
#.###########@.....#..
# ##.....# . ###+###


You could see Duvessa, Dowan and a goblin.

Vanquished Creatures
  Grinder (D:3)
  Jessica (D:2)
  4 adders
  A worm (D:2)
  4 dart slugs
  2 orcs
  8 ball pythons
  5 bats
  2 endoplasms (D:1)
  3 giant cockroaches
  6 goblins
  9 hobgoblins
  2 quokkas
  2 frilled lizards
  5 kobolds
  6 rats
61 creatures vanquished.

Vanquished Creatures (others)
  75 foxfires
75 creatures vanquished.

Grand Total: 136 creatures vanquished

Notes
Turn   | Place    | Note
-------+----------+-------------------------------------------
     0 | D:1      | sanka the Vine Stalker Fire Elementalist began the quest
                  | for the Orb.
     0 | D:1      | Reached XP level 1. HP: 9/9 MP: 4/4
   272 | D:1      | Reached XP level 2. HP: 13/13 MP: 1/6
  1133 | D:1      | Learned a level 2 spell: Scorch
  1207 | D:2      | Found the +5 woodcutter's axe
  1334 | D:2      | Reached XP level 3. HP: 12/16 MP: 0/8
  1546 | D:2      | Reached skill level 4 in Fire Magic
  1846 | D:2      | Found a faded altar of an unknown god.
  1852 | D:2      | Prayed at the altar of an unknown god.
  1852 | D:2      | Became a worshipper of Zin the Law-Giver
  1852 | D:2      | Reached * piety under Zin
  1894 | D:2      | Gained mutation: Your natural rate of healing is unusually
                  | fast. [Vine Stalker growth]
  1894 | D:2      | Reached XP level 4. HP: 21/21 MP: 9/9
  2042 | D:2      | Noticed Jessica
  2048 | D:2      | Killed Jessica
  2351 | D:3      | Identified the +0 chain mail "Juohaniu" {Str+4 Dex+3}
  2576 | D:3      | Reached skill level 5 in Fire Magic
  2581 | D:3      | Learned a level 4 spell: Flame Wave
  2784 | D:3      | Reached XP level 5. HP: 24/24 MP: 10/10
  2910 | D:3      | Reached ** piety under Zin
  2978 | D:3      | Noticed Grinder
  2987 | D:3      | Killed Grinder
  2988 | D:3      | Reached XP level 6. HP: 6/28 MP: 2/11
  3449 | D:4      | Noticed Duvessa
  3450 | D:4      | Noticed Dowan
  3476 | D:4      | Slain by Duvessa

Illustrated notes

Levels and vault maps discovered:
D:1:      dpeg_arrival_shelter, layout_basic
D:2:      layout_loops_ring, dreamdust_ecumenical_altar_angels_and_demons,
          st_stairs_4, lemuel_flame_loot_1, uniq_jessica
D:3:      layout_loops_ring, grunt_ministairs_1, uniq_grinder
D:4:      layout_basic, uniq_ijyb, uniq_duvessa, uniq_sigmund

Skill      XL: |  1  2  3  4  5 |
---------------+----------------+-----
Spellcasting   | 3 |  3.0
Fire Magic     | 4 5 |  5.0
Conjurations   | 4 |  4.6
Dodging        | |  1.5
Stealth        | |  2.4

Action                     |  1- 3 |  4- 6 || total
---------------------------+-------+-------++-------
  Melee: War axe           |    22 |    53 ||    75
         Bite              |     2 |    16 ||    18
   Cast: Foxfire           |    42 |     4 ||    46
         Scorch            |     2 |     7 ||     9
         Flame Wave        |       |     1 ||     1
    Use: Potion            |       |     1 ||     1
   Stab: Sleeping          |     1 |     5 ||     6
         Distracted        |       |     1 ||     1
 Armour: Robe              |     7 |     8 ||    15
  Dodge: Dodged            |    37 |    43 ||    80
